Map: Ruins of Seras

Players

Bop

  • Race: Zerg Zerg

LvBrown - Winner!

  • Race: Zerg Zerg

VOD

Have the link to the VOD?

Description

Time

  • Played on: May 2, 2015, 3:10 a.m.
  • Length: 5:31
Show
View Real Time Build Order
Export as new Build Order

Bop Zerg 

Build Orders: Hatch First 

Get SALT Encoding   

  12  0:01  Drone  
  13  0:12  Overlord  
  13  0:18  Drone  
  14  0:31  Drone x2  
  14  0:35  Drone  
  17  0:45  Drone  
  18  0:56  Drone  
  19  1:04  Hatchery  
  19  1:05  Extractor  
  17  1:15  Spawning Pool  
  16  1:21  Drone x2  
  18  1:34  Drone  
  19  1:43  Drone  
  20  1:51  Drone  
  21  2:06  Zergling x2  
  22  2:13  Metabolic Boost  
  22  2:15  Queen  
  24  2:27  Queen  
  24  2:29  Overlord  
  26  2:31  Drone x2  
  28  2:47  Zergling x2  
  28  2:48  Drone x2  
  28  2:49  Drone x2  
  33  2:58  Drone  
  34  2:59  Overlord  
  34  3:02  Lair  
  34  3:09  Queen  
  34  3:10  Overlord  
  36  3:22  Baneling Nest  
  36  3:24  Drone x7  
  42  3:33  Overlord  
  41  3:53  Drone x7  
  41  3:55  Extractor x2  
  46  4:04  Drone, Hydralisk Den  
  46  4:05  Drone, Extractor  
  45  4:12  Zergling x4  
  47  4:22  Drone  
  47  4:23  Drone  
  47  4:24  Queen  
  49  4:25  Queen  
  49  4:26  Drone x2  
  49  4:27  Drone  
  49  4:31  Zergling x2  
  57  4:35  Zergling x2  
  54  4:44  Zergling x4  
  50  4:56  Zergling x8  
  50  4:59  Overlord  
  48  5:08  Baneling x2  
Show
View Real Time Build Order
Export as new Build Order

LvBrown Zerg - Winner!

Build Orders: Hatch First 

Get SALT Encoding   

  12  0:01  Drone  
  13  0:12  Overlord  
  13  0:18  Drone  
  14  0:24  Drone, Extractor  
  15  0:31  Drone  
  15  0:34  Drone  
  17  0:53  Hatchery  
  16  0:57  Drone  
  16  0:59  Drone  
  18  1:10  Extractor  
  17  1:12  Spawning Pool  
  17  1:16  Drone  
  17  1:19  Drone  
  18  1:28  Drone  
  19  1:38  Overlord  
  19  1:49  Drone  
  20  1:59  Queen  
  20  2:01  Zergling x2  
  23  2:05  Drone, Queen  
  26  2:14  Metabolic Boost  
  26  2:17  Overlord  
  26  2:18  Drone  
  27  2:23  Drone  
  27  2:27  Drone  
  29  2:33  Drone  
  30  2:39  Queen  
  30  2:41  Drone  
  34  2:44  Drone  
  34  2:48  Drone  
  35  2:55  Overlord  
  35  3:02  Drone  
  35  3:04  Drone  
  37  3:08  Drone  
  37  3:09  Drone x3  
  40  3:13  Drone x3  
  40  3:14  Drone x2  
  45  3:21  Extractor  
  45  3:22  Zergling x2  
  45  3:29  Lair, Extractor  
  45  3:31  Drone x2  
  46  3:34  Zergling x2  
  46  3:40  Zergling x2  
  49  3:45  Zergling x2  
  49  3:50  Zergling x2  
  49  3:51  Zergling x4  
  49  3:52  Overlord  
  49  3:53  Overlord  
  52  4:09  Overlord  
  52  4:10  Overlord  
  52  4:21  Drone  
  52  4:22  Zergling x2  
  52  4:23  Zergling x14  
  61  4:26  Hatchery  
  61  4:30  Zergling x8  
  62  4:33  Zergling x2  
  63  4:40  Hydralisk Den  
  63  4:41  Zergling x2  
  63  4:44  Zergling x2  
  62  4:53  Zergling x10  
  66  5:00  Zergling x4  
Tags
 
Add a new tag
Caveats
  • Supply blocks, unpowered buildings, or Contaminate may cause inaccurate times.
  • Supply counts are checked every 10 seconds.